 Dungeon Crawl Stone Soup version 0.17.1-3-g152610e (webtiles) character file.

44 MenacingMecha the Cudgeler (level 3, -1/21 HPs)
             Began as a Gargoyle Gladiator on Feb 23, 2016.
             Was an Initiate of Okawaru.
             Slain by a hobgoblin (2 damage)
             ... led by Robin
             ... on level 2 of the Dungeon.
             The game lasted 00:09:29 (985 turns).

MenacingMecha the Cudgeler (Gargoyle Gladiator)      Turns: 985, Time: 00:09:29

Health: -1/21      AC:  7    Str: 18    XL:     3   Next: 60%
Magic:  3/3        EV: 12    Int:  8    God:    Okawaru [......]
Gold:   67         SH:  0    Dex: 11    Spells: 0 memorised, 2 levels left

rFire  + . .     SeeInvis .     a - +0 flail
rCold  + . .     Clarity  .     b - +0 leather armour
rNeg   + . .     SustAt   .     (no shield)
rPois  ∞         Gourm    .     c - +0 helmet
rElec  +         Spirit   .     (no cloak)
rCorr  +         Warding  .     (no gloves)
rMut   .         Stasis   .     (no boots)
MR     .....                    (no amulet)
Stlth  +.........               (no ring)
                                (no ring)

@: resistant, not resistant to hostile enchantments, very unstealthy
A: negative energy resistance 1, electricity resistance, unbreathing,
petrification resistance, rot immunity, AC +3
a: Renounce Religion


You were on level 2 of the Dungeon.
You worshipped Okawaru.
Okawaru was noncommittal.
You were not hungry.

You visited 1 branch of the dungeon, and saw 2 of its levels.

You collected 67 gold pieces.

Inventory:

Hand Weapons
 a - a +0 flail (weapon)
Missiles
 d - 3 throwing nets (quivered)
Armour
 b - a +0 leather armour (worn)
 c - a +0 helmet (worn)
Potions
 f - a potion of poison {unknown}
 g - a potion of resistance
Comestibles
 e - a bread ration
 h - a beef jerky


   Skills:
 - Level 2.1 Fighting
 + Level 4.4 Maces & Flails
 - Level 1.7 Throwing
 - Level 2.4 Dodging


You had 2 spell levels left.
You didn't know any spells.

Dungeon Overview and Level Annotations

Branches:
Dungeon (2/15)

Altars:
Okawaru
Zin

Annotations:
D:2 Robin


Innate Abilities, Weirdness & Mutations

You are resistant to torment.
Your stone body is resilient (AC +3).
You are immune to poison.
You resist negative energy.
You are resistant to electric shocks.
You can survive without breathing.
You are immune to petrification.
You are immune to rotting.


Message History

You hit the goblin.
You kill the goblin!
Okawaru accepts your kill. Robin throws the goblin at you!
The goblin barely misses you.
You barely miss the hobgoblin. The hobgoblin barely misses you.
The goblin hits you. The goblin closely misses you. The hobgoblin hits you.
You closely miss the hobgoblin.
Robin points. "Kill!"
The goblin hits you but does no damage. The goblin misses you.
The hobgoblin barely misses you. The goblin closely misses you.
You barely miss the hobgoblin. The goblin hits you but does no damage.
The hobgoblin hits you.
* * * LOW HITPOINT WARNING * * *
The goblin barely misses you. The goblin hits you but does no damage.
You miss the goblin. The hobgoblin closely misses you. The goblin hits you.
* * * LOW HITPOINT WARNING * * *
The goblin hits you with a dagger.
* * * LOW HITPOINT WARNING * * *
You closely miss the goblin. The hobgoblin hits you.
You die...

#.........#
#.._...(.##
.#
##.......g.#
.#
.........g.+
..
########....#
.# #....# .#
##...# .#
####.gg##g#
......ggg@g#
#####.+#####
#.# #. ##


You could see Robin, 2 hobgoblins and 4 goblins.

Vanquished Creatures
  A gnoll (D:1)
  An ooze (D:1)
  3 giant geckos (D:1)
  3 bats (D:1)
  3 giant cockroaches (D:1)
  7 goblins
  A hobgoblin (D:2)
  A giant newt (D:1)
  6 jackals (D:1)
  2 kobolds (D:1)
  2 rats (D:1)
30 creatures vanquished.

Notes
Turn   | Place    | Note
--------------------------------------------------------------
     0 | D:1      | MenacingMecha the Gargoyle Gladiator began the quest for the Orb.
     0 | D:1      | Reached XP level 1. HP: 12/12 MP: 1/1
    65 | D:1      | Reached XP level 2. HP: 15/17 MP: 2/2
   277 | D:1      | Reached skill level 4 in Maces & Flails
   404 | D:1      | Reached XP level 3. HP: 21/21 MP: 3/3
   940 | D:2      | Found a glowing silver altar of Zin.
   940 | D:2      | Found an iron altar of Okawaru.
   951 | D:2      | Became a worshipper of Warmaster Okawaru
   952 | D:2      | Noticed Robin
   984 | D:2      | HP: 1/21 [goblin/dagger[Robin] (1)]
   985 | D:2      | Slain by a hobgoblin

Action                   || total
-------------------------++-------
Melee: Flail             ||    99
  Use: Potion            ||     1
